 Dungeon Crawl Stone Soup version 0.21.1-1-g345015f (webtiles) character file.

78 inc the Changer (level 4, -2/28 HPs)
             Began as an Octopode Transmuter on Mar 16, 2018.
             Slain by Grinder (6 damage)
             ... while paralysed by Grinder
             ... on level 3 of the Dungeon.
             The game lasted 00:02:17 (2822 turns).

inc the Changer (Octopode Transmuter)               Turns: 2822, Time: 00:02:18

Health: -2/28      AC:  1    Str:  9    XL:     4   Next: 36%
Magic:  7/7        EV:  2    Int: 16    God:
Gold:   123        SH:  0    Dex: 12    Spells: 6/7 levels left

rFire    . . .     SeeInvis .     - Unarmed
rCold    + . .     Gourm    .   (no shield)
rNeg     . . .     Faith    .   (helmet restricted)
rPois    .         Spirit   .   (no amulet)
rElec    .         Reflect  .   e - ring of protection from cold
rCorr    .         Harm     .   (no ring)
MR       .....                  (no ring)
Stlth    ++........             (no ring)
HPRegen  0.09/turn              (no ring)
MPRegen  0.10/turn              (no ring)
                                (no ring)
                                (no ring)

@: paralysed, appendage
A: almost no armour, stealthy swim, amphibious, 8 rings, constrict 8, tentacle
spike 3, camouflage 1, gelatinous body 1
a: End Transformation


You were on level 3 of the Dungeon.
You were not hungry.
One of your tentacles had a temporary spike.
You visited 1 branch of the dungeon, and saw 3 of its levels.

You collected 123 gold pieces.

Inventory:

Missiles
 a - 72 arrows
Jewellery
 e - a ring of protection from cold (left tentacle)
Scrolls
 d - 4 scrolls of identify {unknown}
 g - 2 scrolls of remove curse {unknown}
 h - a scroll of noise {unknown}
 l - a scroll of teleportation {unknown}
Potions
 k - a potion of curing {unknown}
Books
 b - a book of Changes

   Spells                             Type                      Level
   a - Beastly Appendage              Transmutation                1
   b - Sticks to Snakes               Transmutation                2
   c - Spider Form                    Transmutation/Poison         3
   d - Ice Form                       Ice/Transmutation            4
   e - Blade Hands                    Transmutation                5
Comestibles
 c - 7 rations


   Skills:
 - Level 1.0 Fighting
 - Level 2.0 Dodging
 - Level 3.0 Unarmed Combat
 - Level 2.0 Spellcasting
 + Level 4.5 Transmutations


You had 6 spell levels left.
You knew the following spells:

 Your Spells              Type           Power        Failure   Level  Hunger
a - Beastly Appendage     Tmut           ###...       3%          1    #......


Dungeon Overview and Level Annotations

Branches:
Dungeon (3/15)

Altars:

Annotations:
D:3 1 runed door, Grinder


Innate Abilities, Weirdness & Mutations

You cannot wear most types of armour.
You are very stealthy in the water. (Stealth+)
You are amphibious.
You can wear up to eight rings at the same time.
You can use your tentacles to constrict eight enemies at once.
Your skin changes colour to match your surroundings (Stealth+).
Your rubbery body absorbs attacks. (AC +1, EV +1)
One of your tentacles bears a large vicious spike.


Message History

You constrict Grinder, but do no damage.
Grinder barely misses you.
You tentacle-slap Grinder but do no damage.
Grinder is heavily wounded.
You constrict Grinder. Grinder hits you.
* * * LOW HITPOINT WARNING * * *
You writhe in agony.
* * * LOW HITPOINT WARNING * * *
Unknown command.
You tentacle-slap Grinder.
You pierce Grinder.
Grinder is heavily wounded.
You constrict Grinder. Grinder barely misses you.
Unknown command.
You tentacle-slap Grinder.
Grinder is severely wounded.
You constrict Grinder. Grinder gestures at you.
You suddenly lose the ability to move!
You lose your grip on Grinder.
Grinder hits you.
You die...

#..#.##.#
##.#.##'#
#.......
##......
#......
##########
#......
#........#
#......
#.######5#####
#......
#.#......@...#
##.....
#.#.####.###.#
######.....
#.# #.# #.#
#..........
#.# ..# #.#
#.####..#'#
#.######## #.#
##.#.#
#........# #.#
#...#
########.# #.#
##..# #.# #.#
#.>. #.# #.#
####


You could see Grinder.

Vanquished Creatures
  3 adders
  A dart slug (D:3)
  A leopard gecko (D:2)
  3 bats
  4 giant cockroaches
  7 goblins
  8 hobgoblins
  2 ball pythons (D:1)
  4 frilled lizards
  6 kobolds
  6 rats
45 creatures vanquished.

Notes
Turn   | Place    | Note
-------+----------+-------------------------------------------
     0 | D:1      | inc the Octopode Transmuter began the quest for the Orb.
     0 | D:1      | Reached XP level 1. HP: 13/13 MP: 3/3
   575 | D:1      | Reached XP level 2. HP: 18/18 MP: 3/5
   660 | D:1      | Reached skill level 3 in Transmutations
  1057 | D:1      | Reached XP level 3. HP: 19/23 MP: 4/6
  1918 | D:2      | Reached skill level 4 in Transmutations
  2261 | D:3      | Reached XP level 4. HP: 23/28 MP: 7/7
  2364 | D:3      | Found a runed door.
  2803 | D:3      | Noticed Grinder
  2821 | D:3      | Paralysed by Grinder for 3 turns
  2822 | D:3      | Slain by Grinder

Skill      XL: |  1  2  3 |
---------------+----------+-----
Transmutations | 3 4 |  4.5
Fighting       | |  1.0
Dodging        | |  2.0
Unarmed Combat | |  3.0
Spellcasting   | |  2.0

Action                   |  1- 3 |  4- 6 || total
-------------------------+-------+-------++-------
Melee: Unarmed           |    87 |    23 ||   110
       Constrict         |    25 |     5 ||    30
       Kick              |    19 |     1 ||    20
       Tentacles         |     9 |     3 ||    12
       Punch             |     4 |       ||     4
 Cast: Beastly Appendage |    14 |     3 ||    17
  Use: Potion            |       |     2 ||     2
 Stab: Sleeping          |     3 |     1 ||     4
  Eat: Chunk             |     2 |     1 ||     3
       Ration            |     1 |       ||     1
Armor: Skin              |     5 |     1 ||     6
Dodge: Dodged            |    52 |    14 ||    66
